Map: Jagannatha LE

Players

funkypolarbr

  • Race: Zerg Zerg
  • League: Diamond

ViBE - Winner!

  • Race: Terran Terran
  • League: Diamond

VOD

Have the link to the VOD?

Description

Time

  • Played on: April 7, 2021, 9:06 p.m.
  • Length: 17:18
Show
View Real Time Build Order
Export as new Build Order

funkypolarbr Zerg 

Build Orders: Hatch First, Lurkers 

Get SALT Encoding   

  12  0:00  Drone  
  13  0:22  Overlord  
  13  0:23  Drone  
  14  0:42  Drone x2  
  16  0:47  Drone  
  17  0:55  Hatchery  
  17  0:56  Drone  
  17  1:06  Overlord  
  17  1:13  Extractor  
  16  1:21  Drone  
  16  1:25  Spawning Pool  
  16  1:29  Drone  
  17  1:39  Drone  
  18  1:49  Drone  
  19  1:59  Drone  
  20  2:10  Drone x2  
  20  2:11  Queen  
  20  2:13  Queen  
  26  2:19  Zergling x2  
  27  2:24  Zergling x2  
  27  2:28  Drone  
  29  2:31  Drone  
  30  2:40  Drone  
  31  2:54  Hatchery  
  31  2:58  Drone x3  
  33  3:03  Lair, Drone  
  34  3:06  Drone  
  34  3:11  Drone  
  36  3:25  Evolution Chamber  
  35  3:27  Evolution Chamber  
  35  3:29  Drone x2  
  35  3:30  Overlord x2  
  36  3:40  Roach Warren  
  35  3:43  Drone  
  36  3:55  Overlord x3  
  36  4:20  Glial Reconstitution, Hydralisk Den  
  36  4:22  Roach x5  
  45  4:30  Drone x3  
  48  4:32  Zergling x10  
  48  4:34  Drone  
  48  4:36  Extractor  
  53  4:50  Overlord  
  53  4:51  Extractor, Overlord x2  
  52  5:11  Drone x3  
  52  5:12  Drone x7  
  62  5:21  Drone x2  
  64  5:23  Lurker Den  
  63  5:30  Extractor  
  63  5:34  Grooved Spines  
  62  5:41  Queen  
  62  5:42  Spore Crawler  
  63  5:47  Spine Crawler  
  63  5:49  Spore Crawler  
  61  5:57  Drone x4  
  61  5:58  Drone x6  
  71  6:08  Queen  
  73  6:14  Extractor  
  73  6:15  Extractor  
  71  6:26  Hydralisk  
  71  6:27  Hydralisk x5  
  71  6:31  Drone x3  
  86  6:39  Nydus Network  
  85  6:55  Lurker x3  
  85  7:01  Lurker  
  89  7:02  Drone x5  
  93  7:19  Hydralisk x2  
  93  7:20  Hydralisk  
  91  7:37  Spore Crawler  
  91  7:38  Spore Crawler  
  89  7:52  Nydus Canal  
  62  8:38  Hydralisk x9  
  62  8:39  Hydralisk x8  
  62  8:40  Hydralisk  
  90  8:58  Nydus Canal  
  90  9:07  Lurker x4  
  94  9:11  Overseer  
  94  9:25  Nydus Canal  
  94  9:42  Nydus Canal  
  88  10:11  Hydralisk x6  
  98  10:20  Overlord x3  
  98  10:26  Nydus Canal  
  98  10:30  Zerg Missile Weapons Level 1  
  98  10:31  Zerg Ground Armor Level 1  
  98  10:35  Overlord x5  
  57  11:04  Drone x4  
  57  11:05  Drone x8  
  57  11:06  Drone  
  67  11:14  Hydralisk x4  
  67  11:15  Infestation Pit, Hydralisk  
  76  11:25  Spine Crawler  
  75  11:27  Spine Crawler x2  
  75  11:28  Hatchery, Hydralisk x3  
  75  11:29  Spore Crawler, Hydralisk x4  
  85  11:33  Spine Crawler  
  85  11:36  Hatchery  
  83  11:44  Lurker  
  83  11:45  Lurker x4  
  88  11:51  Overseer  
  88  12:19  Lurker x2  
  88  12:20  Lurker x5  
  95  12:23  Hydralisk x7  
  95  12:24  Hydralisk  
  111  12:42  Nydus Canal  
  91  12:57  Hydralisk x6  
  91  12:58  Hydralisk x2  
  81  13:04  Drone x8  
  81  13:05  Drone x4  
  77  13:35  Lurker x3  
  77  13:36  Lurker  
  77  13:37  Spine Crawler  
  77  13:38  Spine Crawler  
  77  13:40  Spine Crawler  
  72  13:43  Drone x7, Spine Crawler  
  72  13:44  Drone x7  
  72  13:45  Drone  
  86  13:52  Drone  
  86  13:54  Extractor  
  86  13:57  Hive  
  86  14:03  Burrow  
  86  14:04  Drone x2, Overlord x2  
  86  14:07  Extractor  
  86  14:08  Extractor  
  86  14:21  Nydus Canal  
  80  14:41  Hydralisk x8  
  84  14:56  Drone x3  
  84  14:57  Drone x9  
  96  15:10  Overseer  
  96  15:19  Lurker x3  
  96  15:20  Drone x7  
  96  15:21  Drone x3  
  109  15:28  Queen  
  111  15:31  Spine Crawler  
  98  15:54  Lurker x4  
  88  16:03  Queen  
Show
View Real Time Build Order
Export as new Build Order

ViBE Terran - Winner!

Build Orders:  

Get SALT Encoding   

  12  0:00  SCV  
  13  0:12  SCV  
  14  0:18  Supply Depot  
  14  0:25  SCV  
  15  0:39  SCV  
  15  0:42  Barracks  
  16  0:50  Refinery  
  16  0:51  SCV  
  17  1:04  SCV  
  18  1:16  SCV  
  19  1:29  Marine  
  19  1:30  Orbital Command  
  20  1:39  Command Center  
  20  1:52  Marine  
  21  1:56  Supply Depot  
  21  1:59  SCV  
  22  2:06  Factory  
  22  2:11  SCV  
  23  2:23  SCV  
  23  2:24  Barracks Reactor  
  24  2:35  SCV  
  25  2:47  SCV  
  25  2:49  Refinery  
  26  2:51  Barracks  
  26  2:54  Factory Tech Lab  
  26  2:56  Orbital Command  
  26  2:59  SCV  
  26  3:02  Marine x2  
  26  3:03  Supply Depot  
  29  3:11  SCV  
  30  3:14  Siege Tank  
  33  3:21  SCV  
  33  3:23  Marine x2, SCV  
  37  3:33  SCV  
  38  3:35  SCV  
  38  3:40  Barracks Tech Lab  
  39  3:42  Starport  
  39  3:45  SCV  
  39  3:48  SCV  
  41  3:50  Supply Depot  
  41  3:51  Marine x2  
  43  3:58  SCV  
  43  4:00  SCV  
  45  4:04  Marine  
  45  4:08  Marine, Siege Tank  
  45  4:09  Marine  
  51  4:10  SCV  
  51  4:12  SCV, Supply Depot  
  53  4:20  Stimpack  
  53  4:22  SCV  
  54  4:25  Starport Reactor  
  54  4:29  Command Center  
  54  4:31  SCV  
  54  4:34  SCV  
  54  4:36  Supply Depot  
  56  4:40  Marine x2  
  56  4:41  Marine  
  56  4:44  SCV  
  60  4:46  SCV  
  61  4:55  Supply Depot  
  61  4:56  SCV  
  61  4:58  SCV  
  61  4:59  Refinery x2  
  63  5:00  Supply Depot  
  63  5:01  Marine x2  
  63  5:03  Marine  
  66  5:07  Siege Tank  
  66  5:08  SCV  
  66  5:10  SCV, Medivac  
  73  5:19  Marine x2  
  73  5:20  SCV  
  73  5:21  Marine  
  77  5:22  SCV  
  77  5:24  Medivac  
  80  5:32  SCV  
  80  5:34  SCV  
  82  5:36  Engineering Bay x2  
  82  5:40  Orbital Command  
  82  5:44  SCV  
  82  5:46  SCV  
  82  5:47  Marine  
  82  5:48  Marine, Barracks  
  82  5:49  Marine  
  87  5:51  Barracks  
  87  5:54  Barracks  
  87  6:03  SCV x2  
  89  6:05  Marine  
  89  6:06  Marine, Terran Infantry Armor Level 1, Terran Infantry Weapons Level 1  
  89  6:07  Marine  
  89  6:09  Medivac  
  94  6:16  SCV  
  94  6:17  SCV x2  
  97  6:20  Orbital Command  
  97  6:28  SCV  
  97  6:29  SCV  
  99  6:37  Barracks Reactor x2  
  99  6:39  Marine x2  
  100  6:40  Marine, Barracks Reactor  
  100  6:41  SCV x2  
  100  6:42  Combat Shield  
  100  6:46  SCV  
  105  6:53  SCV x2  
  107  6:58  SCV  
  107  6:59  Command Center  
  108  7:05  SCV  
  109  7:08  Armory  
  109  7:09  Marine  
  109  7:10  Marine x2, SCV x2  
  109  7:15  Barracks x2  
  102  7:16  Barracks  
  102  7:17  Refinery, SCV  
  102  7:18  Refinery  
  103  7:22  Marine, SCV  
  103  7:23  Marine x5, SCV  
  109  7:30  Marine x3, SCV  
  109  7:41  Supply Depot  
  109  7:42  Supply Depot  
  109  7:43  Supply Depot x2  
  109  8:01  Supply Depot, Terran Infantry Weapons Level 2, Terran Infantry Armor Level 2  
  109  8:02  Marine x7, Supply Depot, SCV  
  109  8:03  Terran Vehicle Weapons Level 1  
  109  8:04  Marine x2, SCV x2, Medivac x2  
  109  8:05  Barracks Reactor x3  
  125  8:14  SCV  
  125  8:16  SCV x2  
  128  8:24  Marine x9  
  121  8:36  Thor  
  121  8:38  Medivac x2  
  121  8:39  Marine  
  125  8:42  Marine x4  
  125  8:43  SCV x3  
  132  8:55  SCV x3  
  135  8:57  Marine  
  136  9:03  Command Center  
  136  9:06  Supply Depot x2  
  136  9:07  SCV  
  136  9:09  Medivac x2  
  141  9:10  Marine x7  
  141  9:12  Barracks Reactor  
  149  9:17  Marine x3  
  149  9:19  Marine  
  149  9:22  Barracks Reactor  
  152  9:24  Concussive Shells  
  152  9:28  Marine, SCV x3  
  156  9:38  Marine x10  
  156  9:41  Thor  
  156  9:42  Medivac  
  174  9:45  Marine  
  170  9:56  Marine x2  
  170  9:57  SCV x3  
  163  10:00  Marine x10  
  171  10:09  SCV x2  
  173  10:15  SCV  
  173  10:17  Command Center  
  173  10:19  Planetary Fortress  
  173  10:21  SCV x2  
  176  10:30  SCV  
  176  10:33  SCV x2  
  176  10:35  Marine x9  
  182  10:41  Supply Depot  
  182  10:42  Supply Depot  
  188  10:46  Marine  
  188  10:47  Marine  
  188  10:49  SCV  
  161  11:05  Marine x11  
  161  11:06  Marine, Thor  
  177  11:14  Barracks x2  
  177  11:15  Terran Vehicle Weapons Level 2  
  177  11:17  Terran Infantry Armor Level 3, Terran Infantry Weapons Level 3  
  177  11:24  Barracks Reactor  
  177  11:32  Planetary Fortress  
  177  11:33  Missile Turret  
  177  11:34  SCV x2, Missile Turret x2  
  177  11:35  SCV x2  
  181  11:46  SCV  
  181  11:47  SCV  
  183  11:49  Command Center  
  183  11:54  Marine x11  
  183  11:55  Thor  
  200  12:02  Barracks x2  
  200  12:03  Barracks x2  
  200  12:04  Barracks  
  200  12:06  Barracks  
  200  12:13  Barracks Reactor  
  200  12:14  Barracks Reactor  
  200  12:20  Factory  
  200  12:21  Barracks, Starport  
  179  12:53  Barracks Tech Lab x3  
  179  12:54  Barracks Tech Lab  
  179  12:55  Marine  
  179  12:56  Marine x10  
  179  12:57  Marine  
  151  12:58  Starport Reactor  
  151  13:02  Thor, Medivac  
  151  13:03  Medivac, Factory Tech Lab  
  151  13:05  Barracks Reactor x2, Marauder  
  140  13:07  Barracks Reactor  
  140  13:09  Planetary Fortress  
  140  13:18  Marine x8, Marauder x4  
  140  13:19  Marine x7  
  164  13:21  Marine  
  164  13:26  Marauder  
  158  13:33  Thor, Medivac x2  
  151  13:36  Marine x7  
  151  13:38  Missile Turret  
  151  13:39  Marine, Marauder x2  
  159  13:42  Missile Turret  
  159  13:44  Missile Turret  
  159  13:46  Missile Turret  
  159  13:47  Missile Turret  
  159  13:49  Missile Turret  
  159  13:53  Missile Turret  
  159  13:55  Terran Vehicle Weapons Level 3  
  159  13:56  Neosteel Armor  
  159  13:57  Hi-Sec Auto Tracking  
  159  13:59  Marauder x3  
  159  14:00  Marine x3  
  159  14:01  SCV  
  159  14:02  SCV  
  170  14:03  SCV  
  170  14:04  SCV  
  170  14:05  SCV  
  170  14:08  SCV  
  174  14:13  SCV  
  174  14:14  SCV, Marauder x2  
  174  14:15  SCV  
  181  14:22  Marine x11  
  192  14:32  Missile Turret x2  
  189  14:42  SCV x6  
  178  14:54  Marine, SCV x2  
  178  14:55  Marauder x5  
  178  14:56  SCV x2  
  178  14:57  Marine x5, SCV x2  
  200  15:06  Missile Turret  
  200  15:10  Refinery  
  192  16:08  Command Center  
  192  16:10  Marauder  
  192  16:11  Marauder x3, Missile Turret  
  200  16:27  Refinery  
  200  16:28  Refinery  
  200  16:44  Barracks Reactor  
Tags
 
Composition
Lurkers
Matchup
TvZ
Player
ViBE
Replay Pack
Platinum_League
Add a new tag
Caveats
  • Supply blocks, unpowered buildings, or Contaminate may cause inaccurate times.
  • Supply counts are checked every 10 seconds.